 Dungeon Crawl Stone Soup version 0.19.4-12-gccf7e64 (webtiles) character file.

2065 Rrauwl the Grave Robber (level 9, -4/78 HPs)
             Began as a Deep Dwarf Necromancer on Feb 27, 2017.
             Was a Believer of Makhleb.
             Killed from afar by an oklob plant (9 damage)
             ... with a splash of acid
             ... on level 6 of the Dungeon.
             The game lasted 00:50:21 (5475 turns).

Rrauwl the Grave Robber (Deep Dwarf Necromancer)    Turns: 5475, Time: 00:50:21

Health: -4/78      AC:  0    Str: 16    XL:     9   Next: 5%
Magic:  12/12      EV: 15    Int: 17    God:    Makhleb [**....]
Gold:   123        SH:  0    Dex: 14    Spells: 3 memorised, 5 levels left

rFire  . . .     SeeInvis .     s - +2 whip (flame)
rCold  . . .     Gourm    .     a - +0 robe
rNeg   . . .     Faith    .     (no shield)
rPois  .         Spirit   .     h - +1 helmet
rElec  .         Reflect  .     (no cloak)
rCorr  .         Harm     .     (no gloves)
MR     ++...                    (no boots)
Stlth  ++........               (no amulet)
                                n - +1 ring of slaying
                                q - +3 ring of strength

@: corroded, very slightly contaminated, non-regenerating, hasted, very quick
A: damage resistance, recharge devices, magic resistance 1, sense surroundings
3, slow regeneration 3
a: Device Recharging, Minor Destruction, Renounce Religion


You were on level 6 of the Dungeon.
You worshipped Makhleb.
Makhleb was pleased with you.
You were not hungry.

You visited 1 branch of the dungeon, and saw 6 of its levels.

You collected 210 gold pieces.
You spent 87 gold pieces at shops.

Inventory:

Hand Weapons
 s - a +2 whip of flaming (weapon)
Missiles
 o - 6 tomahawks of returning (quivered)
Armour
 a - a +0 robe (worn)
 h - a +1 helmet (worn)
Jewellery
 n - a +1 ring of slaying (right hand)
 q - a +3 ring of strength (left hand)
Wands
 c - a wand of heal wounds (5/9)
 j - a wand of lightning (4/15)
Scrolls
 f - 4 scrolls of identify
 k - 3 scrolls of fog
 m - a scroll of recharging
 p - 2 scrolls of enchant weapon
 r - a scroll of remove curse
 u - a scroll of noise
 w - 2 scrolls of amnesia
 x - a scroll of immolation
Potions
 g - 2 potions of flight
 i - a potion of lignification
 l - 3 potions of curing
 v - a potion of brilliance
Books
 b - a book of Necromancy

   Spells                             Type                      Level
   a - Pain                           Necromancy                   1
   b - Animate Skeleton               Necromancy                   1
   c - Vampiric Draining              Necromancy                   3
   d - Regeneration                   Charms/Necromancy            3
   e - Animate Dead                   Necromancy                   4
   f - Control Undead                 Necromancy                   4
Comestibles
 d - 4 bread rations
 z - 2 beef jerkies


   Skills:
 + Level 4.3 Fighting
 + Level 2.3 Maces & Flails
 + Level 4.7 Armour
 + Level 5.8 Dodging
 - Level 3.0 Stealth
 + Level 2.5 Spellcasting
 + Level 6.9 Necromancy
 - Level 5.0 Invocations
 - Level 5.1 Evocations


You had 5 spell levels left.
You knew the following spells:

 Your Spells              Type           Power        Failure   Level  Hunger
a - Pain                  Necr           ####         1%          1    #......
b - Vampiric Draining     Necr           ####......   3%          3    ###....
c - Control Undead        Necr           ####......   12%         4    #####..


Dungeon Overview and Level Annotations

Branches:
Dungeon (6/15)             Temple (0/1) D:4

Altars:
Cheibriados
Fedhas
Kikubaaqudgha
Makhleb
Sif Muna
Uskayaw
Vehumet
Yredelemnul

Shops:
D:6 ![%?

Annotations:
D:6 exclusion: oklob plant


Innate Abilities, Weirdness & Mutations

You are resistant to damage.
You can recharge devices by infusing magical energy.
You passively map a large area around you.
You do not regenerate.
You are resistant to hostile enchantments. (MR+)


Message History

* * * LOW HITPOINT WARNING * * *
You are very lightly contaminated with residual magic.
You hit the oklob plant but do no damage.
The oklob plant spits acid at you. The splash of acid hits you!
* * * LOW HITPOINT WARNING * * *
You are splashed with acid!
The acid burns!
* * * LOW HITPOINT WARNING * * *
You hit the oklob plant. You burn the oklob plant.
The oklob plant is lightly damaged.
You hit the oklob plant but do no damage.
The oklob plant is lightly damaged.
The oklob plant spits acid at you. The splash of acid misses you.
The splash of acid hits the fungus.
The fungus is splashed with acid.
The acid corrodes the fungus!
You hit the oklob plant. You burn the oklob plant.
The oklob plant is lightly damaged.
The oklob plant spits acid at you. The splash of acid hits you!
You die...

PP.≈≈≈≈._.≈≈≈≈.PPPP#, #........#
PP.≈≈≈≈...≈≈≈≈.PPPP# #........#
P#.≈≈≈≈≈.≈≈≈≈≈.PPPP# ,*#.......##
P#..≈≈≈≈.≈≈≈≈..P#PP#,,*#.......##
P##..≈≈≈.≈≈≈..P##PP# #.......#.
PPPP..≈≈.≈≈..P.PPP## , #.........
PPPPP.......PPP..P.# ,.........#
P#P###PP#.PPPPPP.%.# #.........


P#P #PP.PP#PP%.%@PP# #######+#. ,P#..PP.#PPPP#..P#P#, ,........#
PPPPPPPPP.P#PPPP.### ......... ##################* < ......... * , , ........#
,, ,......... , , ......... ,......... , .......## You could see an oklob plant.

Vanquished Creatures
  Pikel (D:5)
  Grinder (D:6)
  Prince Ribbit (D:5)
  2 orc warriors
  A sky beast (D:5)
  A slave (D:5)
  An ogre (D:4)
  A centaur (D:6)
  A bullfrog (D:6)
  2 scorpions (D:4)
  4 hounds
  3 jellies
  2 bullfrog skeletons
  3 orc wizards (D:6)
  Terence (D:3)
  A worker ant (D:5)
  A hound skeleton (D:5)
  7 gnolls
  9 adders
  A worm (D:3)
  A dart slug (D:2)
  A leopard gecko (D:2)
  13 orcs
  A ball python (D:1)
  5 bats
  3 giant cockroaches
  5 goblins
  5 hobgoblins
  3 jackals (D:2)
  14 kobolds
  4 quokkas
  3 frilled lizards
  A leopard gecko skeleton (D:4)
  5 rats
  A bush (D:6)
109 creatures vanquished.

Vanquished Creatures (others)
  A slave (D:5)
  A centaur (D:5)
  17 toadstools (D:6)
19 creatures vanquished.

Grand Total: 128 creatures vanquished

Notes
Turn   | Place    | Note
-------+----------+-------------------------------------------
     0 | D:1      | Rrauwl the Deep Dwarf Necromancer began the quest for the Orb.
     0 | D:1      | Reached XP level 1. HP: 15/15 MP: 3/3
   190 | D:1      | Reached XP level 2. HP: 22/22 MP: 5/5
   206 | D:1      | Reached skill level 1 in Evocations
   692 | D:2      | Found a snail-covered altar of Cheibriados.
   799 | D:2      | Reached XP level 3. HP: 19/28 MP: 6/6
   861 | D:2      | Found a radiant altar of Vehumet.
   865 | D:2      | Found an ancient bone altar of Kikubaaqudgha.
   866 | D:2      | Found a deep blue altar of Sif Muna.
   871 | D:2      | Identified Kikubaaqudgha's Volume of Unholy Magic
   928 | D:2      | Found a basalt altar of Yredelemnul.
   928 | D:2      | Found a burning altar of Makhleb.
   932 | D:2      | Found a hide-covered altar of Uskayaw.
   940 | D:2      | Became a worshipper of Makhleb the Destroyer
   984 | D:2      | Learned a level 3 spell: Vampiric Draining
  1675 | D:3      | Reached skill level 1 in Invocations
  1675 | D:3      | Reached XP level 4. HP: 33/37 MP: 0/7
  1902 | D:3      | Noticed Terence
  1918 | D:3      | Killed Terence
  2120 | D:3      | Reached skill level 1 in Fighting
  2162 | D:3      | Reached skill level 5 in Necromancy
  2162 | D:3      | Reached XP level 5. HP: 29/44 MP: 0/8
  2466 | D:4      | Noticed an ogre
  2476 | D:4      | HP: 2/44 [ogre/giant club (9)]
  2477 | D:4      | Killed an ogre
  2477 | D:4      | Reached skill level 1 in Armour
  2676 | D:4      | Reached XP level 6. HP: 36/52 MP: 2/9
  2805 | D:4      | Reached * piety under Makhleb
  3293 | D:4      | Found a staircase to the Ecumenical Temple.
  3404 | D:5      | Entered Level 5 of the Dungeon
  3607 | D:5      | Reached XP level 7. HP: 51/61 MP: 3/10
  3728 | D:5      | Gained mutation: You passively map the area around you. [mutagenic meat]
  3732 | D:5      | Gained mutation: You are resistant to hostile enchantments. (MR+) [mutagenic meat]
  3896 | D:5      | Learned a level 4 spell: Control Undead
  3905 | D:5      | Noticed Prince Ribbit
  3988 | D:5      | Noticed Pikel
  4293 | D:5      | Killed Pikel
  4293 | D:5      | Reached skill level 5 in Dodging
  4293 | D:5      | Reached skill level 6 in Necromancy
  4293 | D:5      | Reached XP level 8. HP: 60/69 MP: 0/11
  4602 | D:5      | Killed Prince Ribbit
  4602 | D:5      | Reached skill level 5 in Invocations
  4602 | D:5      | Reached skill level 5 in Evocations
  4768 | D:6      | Found Sauxaigu's Magic Scroll Shoppe.
  4774 | D:6      | Bought a scroll of noise for 11 gold pieces
  4774 | D:6      | Bought a scroll of amnesia for 38 gold pieces
  4774 | D:6      | Bought a scroll of immolation for 38 gold pieces
  4786 | D:6      | Reached skill level 1 in Maces & Flails
  4840 | D:6      | Found Bivi's Food Shop.
  4877 | D:6      | Found Yfiteutu's Antique Armour Shoppe.
  4896 | D:6      | Found Qaofroishryi's Distillery.
  5114 | D:6      | Noticed Grinder
  5137 | D:6      | Reached ** piety under Makhleb
  5145 | D:6      | Killed Grinder
  5151 | D:6      | Gained mutation: You passively map a large area around you. [Deep Dwarf growth]
  5151 | D:6      | Reached XP level 9. HP: 31/78 MP: 2/12
  5372 | D:6      | Found a blossoming altar of Fedhas.
  5395 | D:6      | Noticed an oklob plant
  5475 | D:6      | Killed from afar by an oklob plant

Skill      XL: |  1  2  3  4  5  6  7  8 |
---------------+-------------------------+-----
Spellcasting   | 2 |  2.5
Evocations     | 1 2 3 4 5 |  5.1
Stealth        | 3 |  3.0
Dodging        | 3 4 5 |  5.8
Invocations    | 1 2 3 4 5 |  5.0
Fighting       | 1 2 3 4 |  4.3
Necromancy     | 5 6 |  6.9
Armour         | 1 2 3 4 |  4.7
Maces & Flails | 2 |  2.3

Action                   |  1- 3 |  4- 6 |  7- 9 || total
-------------------------+-------+-------+-------++-------
Melee: Short sword       |   136 |    77 |    35 ||   248
       Dagger            |     9 |       |       ||     9
       Whip              |       |       |   136 ||   136
 Cast: Pain              |    19 |    29 |    20 ||    68
       Vampiric Draining |     2 |    23 |    38 ||    63
Evoke: Wand              |       |     1 |     9 ||    10
  Use: Scroll            |     7 |     2 |     2 ||    11
       Potion            |     3 |       |     4 ||     7
 Stab: Sleeping          |    13 |     6 |       ||    19
       Distracted        |     1 |     1 |       ||     2
  Eat: Chunk             |     3 |     7 |     8 ||    18
       Beef jerky        |       |     2 |       ||     2
       Meat ration       |       |       |     1 ||     1
Armor: Robe              |    34 |    10 |    22 ||    66
Dodge: Dodged            |   100 |    60 |    97 ||   257
